Map: Newkirk Precinct TE (Void)

Players

Musumeci - Winner!

  • Race: Zerg Zerg
  • League: Diamond
  • Spawn Location: 7:00

A.I. 1 (Very Easy)

  • Race: Zerg Zerg
  • Spawn Location: 5:00

VOD

Have the link to the VOD?

Description

Time

  • Played on: March 25, 2017, 8:32 a.m.
  • Length: 8:47
Show
View Real Time Build Order
Export as new Build Order

Musumeci Zerg - Winner!

Build Orders: Hatch First 

Get SALT Encoding   

  12  0:05  Drone  
  13  0:08  Drone  
  14  0:18  Overlord  
  14  0:28  Extractor  
  14  0:29  Drone  
  15  0:36  Drone  
  15  0:38  Drone  
  17  0:55  Hatchery  
  16  0:59  Drone  
  17  1:13  Spawning Pool  
  17  1:14  Extractor  
  17  1:17  Drone  
  16  1:20  Drone  
  16  1:24  Drone  
  18  1:31  Drone  
  19  1:42  Overlord  
  19  1:55  Drone  
  19  2:00  Queen  
  22  2:04  Zergling x2  
  22  2:06  Queen  
  22  2:08  Drone  
  26  2:14  Metabolic Boost  
  26  2:17  Drone  
  26  2:21  Drone  
  28  2:35  Queen  
  28  2:37  Baneling Nest  
  29  2:40  Drone  
  30  2:55  Zergling x8  
  34  2:59  Drone  
  35  3:12  Drone  
  36  3:13  Overlord  
  36  3:21  Baneling x2  
  36  3:31  Drone x4  
  36  3:34  Drone  
  41  3:40  Hatchery  
  40  3:45  Drone x2  
  40  3:46  Drone  
  40  3:47  Drone  
  44  3:50  Overlord  
  44  3:54  Drone, Extractor  
  44  3:55  Extractor  
  43  3:57  Drone  
  46  4:05  Overlord  
  46  4:10  Drone x2  
  46  4:11  Queen, Drone  
  46  4:17  Drone  
  52  4:23  Drone x3  
  55  4:38  Drone  
  56  4:40  Lair  
  56  4:43  Extractor  
  56  4:44  Roach Warren  
  56  4:45  Extractor  
  53  5:09  Drone x3  
  53  5:10  Drone x2  
  53  5:11  Drone x2  
  60  5:16  Overlord x2  
  60  5:17  Overlord x2  
  60  5:30  Roach, Extractor  
  60  5:31  Roach x2  
  65  5:38  Roach x8  
  65  5:41  Glial Reconstitution  
  81  5:45  Drone x2  
  83  5:51  Drone x4  
  87  6:12  Roach x3  
  87  6:13  Drone x2  
  87  6:14  Drone x3  
  98  6:22  Baneling  
  98  6:23  Baneling  
  98  6:26  Unknown  
  98  6:37  Unknown  
  98  6:45  Hydralisk Den  
  98  6:46  Extractor  
  95  6:48  Extractor  
  90  7:13  Drone x4  
  90  7:14  Drone x2, Overlord x2  
  90  7:15  Overlord x3  
  96  7:19  Ravager  
  97  7:22  Evolution Chamber  
  97  7:24  Evolution Chamber  
  97  7:25  Hydralisk  
  97  7:32  Hydralisk x18  
  97  7:33  Hydralisk  
  133  8:11  Ravager x2  
  133  8:12  Ravager  
  133  8:31  Ravager  
  132  8:38  Ravager  
Show
View Real Time Build Order
Export as new Build Order

A.I. 1 (Very Easy) Zerg 

Build Orders: Hatch First 

Get SALT Encoding   

  12  0:00  Drone  
  13  0:13  Overlord  
  13  0:18  Drone  
  14  0:43  Hatchery  
  14  0:46  Drone  
  14  1:05  Spawning Pool  
  14  1:07  Drone  
  14  1:11  Extractor  
  13  1:14  Drone  
  14  1:23  Overlord  
  14  1:52  Zergling x2  
  14  1:53  Queen  
  17  1:54  Zergling x2  
  18  2:03  Roach Warren  
  18  2:07  Drone  
  18  2:11  Extractor  
  18  2:15  Drone  
  18  2:20  Zergling x2  
  19  2:25  Drone  
  20  2:32  Drone  
  21  2:39  Drone  
  22  2:47  Drone  
  23  2:54  Drone  
  24  3:00  Lair  
  24  3:03  Drone  
  25  3:31  Drone  
  26  3:38  Drone  
  27  3:44  Zergling x2  
  27  3:45  Drone  
  28  3:50  Overlord  
  28  3:54  Drone  
  29  4:01  Drone  
  30  4:03  Spire  
  30  4:09  Drone  
  30  4:14  Overseer  
  30  4:16  Drone  
  31  4:20  Overseer  
  31  4:23  Drone  
  32  4:30  Drone  
  33  4:32  Overlord  
  33  4:37  Drone  
  34  4:44  Drone  
  35  4:52  Drone  
  36  4:59  Drone  
  37  5:02  Extractor  
  37  5:06  Drone, Extractor  
  36  5:13  Drone  
  37  5:17  Mutalisk  
  37  5:20  Drone  
  40  5:28  Drone  
  41  5:35  Drone  
  42  5:42  Drone  
  43  5:43  Overlord  
  43  5:49  Drone  
  44  5:56  Drone  
  45  5:57  Mutalisk  
  45  6:03  Drone  
  48  6:05  Overseer, Overlord  
  48  6:10  Drone  
  49  6:46  Drone  
  49  6:53  Drone  
  37  7:01  Drone  
  35  7:08  Drone  
  36  7:15  Drone  
  37  7:23  Drone  
  38  7:30  Drone  
  38  7:31  Zergling x2  
  38  7:35  Queen  
  37  7:38  Drone  
  37  7:45  Drone  
  38  7:52  Drone  
  38  7:53  Hatchery  
  38  8:00  Drone, Zergling x2  
  39  8:07  Drone  
  35  8:14  Drone  
  36  8:21  Drone  
  36  8:29  Drone  
  36  8:31  Spire  
Tags
 
Add a new tag
Caveats
  • Supply blocks, unpowered buildings, or Contaminate may cause inaccurate times.
  • Supply counts are checked every 10 seconds.